Map: Dusk Towers

Players

Rhombus

  • Race: Protoss Protoss
  • League: Silver
  • Spawn Location: 1:00

Fropez - Winner!

  • Race: Protoss Protoss
  • League: Silver
  • Spawn Location: 7:00

VOD

Have the link to the VOD?

Description

Time

  • Played on: June 10, 2016, 11:12 a.m.
  • Length: 3:37
Show
View Real Time Build Order
Export as new Build Order

Rhombus Protoss 

Build Orders:  

Get SALT Encoding   

  12  0:01  Probe (Chrono Boost)  
  13  0:12  Probe (Chrono Boost)  
Show
View Real Time Build Order
Export as new Build Order

Fropez Protoss - Winner!

Build Orders:  

Get SALT Encoding   

  12  0:01  Probe (Chrono Boost)  
  13  0:14  Pylon  
  13  0:21  Probe (Chrono Boost)  
  14  0:31  Probe (Chrono Boost)  
  15  0:36  Gateway  
  15  0:42  Probe (Chrono Boost)  
  16  0:47  Assimilator  
  16  0:52  Probe (Chrono Boost)  
  17  1:03  Probe (Chrono Boost)  
  18  1:07  Pylon  
  18  1:13  Probe (Chrono Boost)  
  19  1:21  Assimilator  
  19  1:24  Probe (Chrono Boost)  
  20  1:27  Pylon  
  20  1:32  Cybernetics Core  
  20  1:38  Probe (Chrono Boost)  
  21  1:53  Probe (Chrono Boost), Gateway  
  22  2:03  Probe (Chrono Boost)  
  22  2:06  Pylon  
  23  2:14  Probe (Chrono Boost)  
  24  2:32  Probe (Chrono Boost)  
  24  2:35  Stalker  
  27  2:43  Stalker  
  27  2:44  Gateway  
  31  2:51  Mothership Core (Chrono Boost)  
  31  3:09  Probe (Chrono Boost)  
  32  3:14  Pylon  
  35  3:20  Probe (Chrono Boost)  
Tags
 
Matchup
PvP
Replay Pack
All Mines
Spawn Locations
Cross Positions
Add a new tag
Caveats
  • Supply blocks, unpowered buildings, or Contaminate may cause inaccurate times.
  • Supply counts are checked every 10 seconds.